PCL
LANSING LUGNUTS @ MILE HIGH BRONCOS
07/03/2024
 
TOP OF THE 1ST
Lansing Lugnuts batting - Pitching for Mile High Broncos : LHP John Wilkins
Pitching: LHP John Wilkins
Batting: RHB Jim Tracy 0-0: Ball
1-0: Ball
2-0: Called Strike
2-1: Fly out, F7 (Flyball, 7D)
Batting: RHB Júlio Caraballo 0-0: Called Strike
0-1: Called Strike
0-2: SINGLE (Flyball, 9LS)
Batting: RHB Phil Matthews 0-0: SINGLE (Line Drive, 6D)
Júlio Caraballo to second
Batting: RHB Jeff Packard 0-0: Fly out, F9 (Line Drive, 9M)
Batting: RHB Mario Martínez 0-0: Called Strike
0-1: Ball
1-1: Ball
2-1: Foul Ball, location: 2F
2-2: Ball
3-2: Fly out, F8 (Flyball, 8LM)
Top of the 1st over - 0 run(s), 2 hit(s), 0 error(s), 2 left on base; Lansing 0 - Mile High 0
BOTTOM OF THE 1ST
Mile High Broncos batting - Pitching for Lansing Lugnuts : RHP Arturo Leal
Pitching: RHP Arturo Leal
Batting: RHB Juan Gonzáles 0-0: Called Strike
0-1: Ball
1-1: Ball
2-1: Ball
3-1: Base on Balls
Batting: RHB Juan Jose Guevana 0-0: Called Strike
0-1: Foul Ball, location: 2F
0-2: Ball
1-2: Foul Ball, location: 2F
1-2: Foul Ball, location: 2F
1-2: Ball
2-2: Ball
3-2: Base on Balls
Juan Gonzáles to second
Batting: RHB Vincente Ventura 0-0: Ball
1-0: Ball
2-0: Ball
3-0: Called Strike
3-1: Called Strike
3-2: Base on Balls
Juan Gonzáles to third
Juan Jose Guevana to second
Batting: RHB Francisco Medina 0-0: Called Strike
0-1: Swinging Strike
0-2: Ball
1-2: Ball
2-2: Strikes out swinging
Batting: LHB Bill Houston 0-0: Ball
1-0: Ball
2-0: Called Strike
2-1: Foul Ball, location: 2F
2-2: Foul Ball, location: 2F
2-2: Ball
3-2: Base on Balls
Juan Gonzáles scores
Juan Jose Guevana to third
Vincente Ventura to second
Batting: RHB Su-kweon Yu 0-0: Ball
1-0: Ball
2-0: Foul Ball, location: 2F
2-1: Foul Ball, location: 2F
2-2: Foul Ball, location: 2F
2-2: Ball
3-2: Foul Ball, location: 2F
3-2: Base on Balls
Juan Jose Guevana scores
Vincente Ventura to third
Bill Houston to second
Batting: SHB Tom Stevens 0-0: Ball
1-0: Ball
2-0: Ball
3-0: Called Strike
3-1: Base on Balls
Vincente Ventura scores
Bill Houston to third
Su-kweon Yu to second
Batting: RHB Terry Fuller 0-0: Ball
1-0: SINGLE (Flyball, 78S)
Bill Houston scores
Su-kweon Yu to third
Tom Stevens to second
Batting: RHB Marcos Reyes 0-0: Called Strike
0-1: Ball
1-1: Fly out, F9 (Flyball, 9M)
Batting: RHB Juan Gonzáles 0-0: Ball
1-0: Called Strike
1-1: Called Strike
1-2: Foul Ball, location: 2F
1-2: Ball
2-2: Ball
3-2: Foul Ball, location: 2F
3-2: GRAND SLAM HOME RUN (Flyball, 7D), Distance : 374 ft
Batting: RHB Juan Jose Guevana 0-0: Foul Ball, location: 2F
0-1: Ground out 6-3 (Groundball, 6)
Bottom of the 1st over - 8 run(s), 2 hit(s), 0 error(s), 0 left on base; Lansing 0 - Mile High 8
TOP OF THE 2ND
Lansing Lugnuts batting - Pitching for Mile High Broncos : LHP John Wilkins
Batting: LHB Francisco Marino 0-0: Ball
1-0: Swinging Strike
1-1: Foul Ball, location: 2F
1-2: Foul Ball, location: 2F
1-2: Strikes out looking
Batting: RHB Matt Silver 0-0: Called Strike
0-1: Ball
1-1: Swinging Strike
1-2: Strikes out swinging
Batting: RHB Sadao Kimura 0-0: Ball
1-0: Ball
2-0: Ball
3-0: Called Strike
3-1: Foul Ball, location: 2F
3-2: Fly out, F9 (Flyball, 9D)
Top of the 2nd over - 0 run(s), 0 hit(s), 0 error(s), 0 left on base; Lansing 0 - Mile High 8
BOTTOM OF THE 2ND
Mile High Broncos batting - Pitching for Lansing Lugnuts : RHP Arturo Leal
Batting: RHB Vincente Ventura 0-0: Called Strike
0-1: Ball
1-1: Ball
2-1: Ball
3-1: Base on Balls
Pitching: RHP Ángelo Gusmán
Batting: RHB Francisco Medina 0-0: Called Strike
0-1: Ball
1-1: Ball
2-1: Ball
3-1: Swinging Strike
3-2: SINGLE (Line Drive, 7S)
Vincente Ventura to second
Vincente Ventura to third
Batting: LHB Bill Houston 0-0: Swinging Strike
0-1: Ball
1-1: Foul Ball, location: 2F
1-2: Foul Ball, location: 2F
1-2: Foul Ball, location: 2F
1-2: Ball
2-2: Foul Ball, location: 2F
2-2: Strikes out swinging
Batting: RHB Su-kweon Yu 0-0: Ball
1-0: Called Strike
1-1: Ball
2-1: Ball
3-1: Base on Balls
Francisco Medina to second
Batting: SHB Tom Stevens 0-0: SINGLE (Flyball, 89S)
Vincente Ventura scores
Francisco Medina to third
Su-kweon Yu to second
Batting: RHB Terry Fuller 0-0: Fly out, F7 (Flyball, 78D)
Runner from 3rd tags up, SCORES, no throw
Batting: RHB Marcos Reyes 0-0: Ball
1-0: Swinging Strike
1-1: Ball
2-1: Ball
3-1: Foul Ball, location: 2F
3-2: Foul Ball, location: 2F
3-2: Strikes out looking
Bottom of the 2nd over - 2 run(s), 2 hit(s), 0 error(s), 2 left on base; Lansing 0 - Mile High 10
TOP OF THE 3RD
Lansing Lugnuts batting - Pitching for Mile High Broncos : LHP John Wilkins
Batting: RHB Michael Woodruff 0-0: Ball
1-0: Called Strike
1-1: SOLO HOME RUN (Flyball, 7LD), Distance : 386 ft
Batting: RHB Jim Tracy 0-0: Ball
1-0: Ball
2-0: Fly out, F9 (Flyball, 9LS)
Batting: RHB Júlio Caraballo 0-0: Fly out, F7 (Flyball, 78M)
Batting: RHB Phil Matthews 0-0: Called Strike
0-1: Ball
1-1: SINGLE (Groundball, 6MD)
Batting: RHB Jeff Packard 0-0: Ball
1-0: Fly out, F3 (Popup, 3F)
Top of the 3rd over - 1 run(s), 2 hit(s), 0 error(s), 1 left on base; Lansing 1 - Mile High 10
BOTTOM OF THE 3RD
Mile High Broncos batting - Pitching for Lansing Lugnuts : RHP Ángelo Gusmán
Batting: RHB Juan Gonzáles 0-0: Foul Ball, location: 2F
0-1: Ball
1-1: Foul Ball, location: 2F
1-2: Strikes out swinging
Batting: RHB Juan Jose Guevana 0-0: Ball
1-0: Ball
2-0: Ball
3-0: Base on Balls
Batting: RHB Vincente Ventura 0-0: Ball
1-0: Called Strike
1-1: Ball
2-1: Called Strike
2-2: Ball
3-2: Foul Ball, location: 2F
3-2: Foul Ball, location: 2F
3-2: Strikes out looking
Batting: RHB Francisco Medina 0-0: Ball
1-0: Ball
2-0: Called Strike
2-1: Ball
3-1: Foul Ball, location: 2F
3-2: Strikes out looking
Bottom of the 3rd over - 0 run(s), 0 hit(s), 0 error(s), 1 left on base; Lansing 1 - Mile High 10
TOP OF THE 4TH
Lansing Lugnuts batting - Pitching for Mile High Broncos : LHP John Wilkins
Batting: RHB Mario Martínez 0-0: Called Strike
0-1: Ball
1-1: Ball
2-1: Ball
3-1: Base on Balls
Batting: LHB Francisco Marino 0-0: Called Strike
0-1: Ball
1-1: Ball
2-1: Foul Ball, location: 2F
2-2: Strikes out swinging
Batting: RHB Matt Silver 0-0: Ball
1-0: 2-RUN HOME RUN (Flyball, 7D), Distance : 378 ft
Batting: RHB Sadao Kimura 0-0: Foul Ball, location: 2F
0-1: Ball
1-1: Fly out, F9 (Flyball, 9M)
Batting: RHB Michael Woodruff 0-0: Foul Ball, location: 2F
0-1: Ball
1-1: Fly out, F5 (Popup, 15)
Top of the 4th over - 2 run(s), 1 hit(s), 0 error(s), 0 left on base; Lansing 3 - Mile High 10
BOTTOM OF THE 4TH
Mile High Broncos batting - Pitching for Lansing Lugnuts : RHP Ángelo Gusmán
Batting: LHB Bill Houston 0-0: Ball
1-0: Foul Ball, location: 2F
1-1: Ball
2-1: Swinging Strike
2-2: Fly out, F8 (Line Drive, 8RM)
Batting: RHB Su-kweon Yu 0-0: Foul Ball, location: 2F
0-1: Ball
1-1: Ball
2-1: Fly out, F9 (Line Drive, 9M)
Batting: SHB Tom Stevens 0-0: Called Strike
0-1: Ball
1-1: Called Strike
1-2: Strikes out swinging
Bottom of the 4th over - 0 run(s), 0 hit(s), 0 error(s), 0 left on base; Lansing 3 - Mile High 10
TOP OF THE 5TH
Lansing Lugnuts batting - Pitching for Mile High Broncos : LHP John Wilkins
Batting: RHB Jim Tracy 0-0: Ball
1-0: Called Strike
1-1: Ball
2-1: Ball
3-1: Swinging Strike
3-2: Foul Ball, location: 2F
3-2: Foul Ball, location: 2F
3-2: Foul Ball, location: 2F
3-2: SOLO HOME RUN (Flyball, 78XD), Distance : 423 ft
Batting: RHB Júlio Caraballo 0-0: Called Strike
0-1: Ball
1-1: SINGLE (Groundball, 34D)
Batting: RHB Phil Matthews 0-0: Ball
1-0: Foul Ball, location: 2F
1-1: Ball
2-1: Called Strike
2-2: Foul Ball, location: 2F
2-2: Ball
3-2: Foul Ball, location: 2F
3-2: Foul Ball, location: 2F
3-2: Fly out, F7 (Flyball, 7M)
Batting: RHB Jeff Packard 0-0: Ball
1-0: Grounds into double play, 1-6-3 (Groundball, 15)
Top of the 5th over - 1 run(s), 2 hit(s), 0 error(s), 0 left on base; Lansing 4 - Mile High 10
BOTTOM OF THE 5TH
Mile High Broncos batting - Pitching for Lansing Lugnuts : RHP Ángelo Gusmán
Batting: RHB Terry Fuller 0-0: Ball
1-0: Ball
2-0: Called Strike
2-1: Ball
3-1: Called Strike
3-2: Ground out 5-3 (Groundball, 56S)
Batting: RHB Marcos Reyes 0-0: Called Strike
0-1: Foul Ball, location: 2F
0-2: SINGLE (Groundball, 6MD)
Batting: RHB Juan Gonzáles 0-0: Foul Ball, location: 2F
0-1: Ball
1-1: DOUBLE (Line Drive, 89M)
Marcos Reyes to third
Batting: RHB Juan Jose Guevana 0-0: Ball
1-0: Foul Ball, location: 2F
1-1: SINGLE (Line Drive, 9LS)
Marcos Reyes scores
Juan Gonzáles to third
Batting: RHB Vincente Ventura 0-0: Reached on Error, E8 (Flyball, 8LS)
Juan Gonzáles scores
Juan Jose Guevana to second
Batting: RHB Francisco Medina 0-0: Called Strike
0-1: Grounds into double play, 6-4-3 (Groundball, 6M)
Bottom of the 5th over - 2 run(s), 3 hit(s), 1 error(s), 1 left on base; Lansing 4 - Mile High 12
TOP OF THE 6TH
Lansing Lugnuts batting - Pitching for Mile High Broncos : LHP John Wilkins
Batting: RHB Mario Martínez 0-0: Ball
1-0: Called Strike
1-1: Ball
2-1: Swinging Strike
2-2: Ball
3-2: Foul Ball, location: 2F
3-2: Strikes out swinging
Batting: LHB Francisco Marino 0-0: Called Strike
0-1: Foul Ball, location: 2F
0-2: Ball
1-2: Ball
2-2: Ball
3-2: Strikes out swinging
Batting: RHB Matt Silver 0-0: Swinging Strike
0-1: Foul Ball, location: 2F
0-2: Ground out 6-3 (Groundball, 6)
Top of the 6th over - 0 run(s), 0 hit(s), 0 error(s), 0 left on base; Lansing 4 - Mile High 12
BOTTOM OF THE 6TH
Mile High Broncos batting - Pitching for Lansing Lugnuts : RHP Ángelo Gusmán
Pitching: LHP Carlos Berru
Batting: LHB Bill Houston 0-0: Ball
1-0: Fly out, F9 (Flyball, 9LD)
Batting: RHB Su-kweon Yu 0-0: Ball
1-0: Ball
2-0: Ball
3-0: Called Strike
3-1: Swinging Strike
3-2: Strikes out swinging
Batting: SHB Tom Stevens 0-0: Foul Ball, location: 2F
0-1: Foul Ball, location: 2F
0-2: Ball
1-2: Foul Ball, location: 2F
1-2: Ground out 4-3 (Groundball, 4)
Bottom of the 6th over - 0 run(s), 0 hit(s), 0 error(s), 0 left on base; Lansing 4 - Mile High 12
TOP OF THE 7TH
Lansing Lugnuts batting - Pitching for Mile High Broncos : LHP John Wilkins
Pitching: RHP Todd Clark
Batting: RHB Sadao Kimura 0-0: Swinging Strike
0-1: Foul Ball, location: 2F
0-2: Strikes out looking
Batting: RHB Michael Woodruff 0-0: Called Strike
0-1: Swinging Strike
0-2: Ball
1-2: Ball
2-2: Foul Ball, location: 2F
2-2: Ball
3-2: SINGLE (Line Drive, 34D)
Batting: RHB Jim Tracy 0-0: Called Strike
0-1: Swinging Strike
0-2: Foul Ball, location: 2F
0-2: Ball
1-2: Foul Ball, location: 2F
1-2: Foul Ball, location: 2F
1-2: Ball
2-2: Foul Ball, location: 2F
2-2: Ball
3-2: Foul Ball, location: 2F
3-2: Foul Ball, location: 2F
3-2: Base on Balls
Michael Woodruff to second
Batting: RHB Júlio Caraballo 0-0: Grounds into double play, 4-6-3 (Groundball, 4)
Top of the 7th over - 0 run(s), 1 hit(s), 0 error(s), 1 left on base; Lansing 4 - Mile High 12
BOTTOM OF THE 7TH
Mile High Broncos batting - Pitching for Lansing Lugnuts : LHP Carlos Berru
Batting: RHB Terry Fuller 0-0: Ball
1-0: Foul Ball, location: 2F
1-1: Ball
2-1: Ground out 4-3 (Groundball, 4)
Batting: RHB Marcos Reyes 0-0: Called Strike
0-1: Ground out 6-3 (Groundball, 6)
Batting: RHB Juan Gonzáles 0-0: SINGLE (Groundball, 4M)
Batting: RHB Juan Jose Guevana 0-0: Called Strike
0-1: Called Strike
0-2: Ball
1-2: Strikes out looking
Bottom of the 7th over - 0 run(s), 1 hit(s), 0 error(s), 1 left on base; Lansing 4 - Mile High 12
TOP OF THE 8TH
Lansing Lugnuts batting - Pitching for Mile High Broncos : RHP Todd Clark
Batting: RHB Phil Matthews 0-0: Ball
1-0: Foul Ball, location: 2F
1-1: Ball
2-1: Called Strike
2-2: Ball
3-2: Fly out, F9 (Flyball, 89M)
Batting: RHB Jeff Packard 0-0: Ball
1-0: Ball
2-0: Ball
3-0: Called Strike
3-1: Base on Balls
Batting: RHB Mario Martínez 0-0: Ball
1-0: Ball
2-0: Foul Ball, location: 2F
2-1: Foul Ball, location: 2F
2-2: Strikes out swinging
Batting: LHB Francisco Marino 0-0: Ball
1-0: Called Strike
1-1: Ball
2-1: Ball
3-1: SINGLE (Groundball, 34)
Jeff Packard to second
Runner from 2nd tries for 3rd, SAFE, no throw or cutoff
Batting: RHB Matt Silver 0-0: Ground out 6-3 (Groundball, 6)
Top of the 8th over - 0 run(s), 1 hit(s), 0 error(s), 2 left on base; Lansing 4 - Mile High 12
BOTTOM OF THE 8TH
Mile High Broncos batting - Pitching for Lansing Lugnuts : LHP Carlos Berru
Pitching: RHP Aaron Abrams
Batting: RHB Vincente Ventura 0-0: Ball
1-0: Foul Ball, location: 2F
1-1: Ball
2-1: Swinging Strike
2-2: Strikes out looking
Batting: RHB Francisco Medina 0-0: Swinging Strike
0-1: Ball
1-1: Swinging Strike
1-2: Ball
2-2: Strikes out looking
Batting: LHB Bill Houston 0-0: Ball
1-0: SOLO HOME RUN (Line Drive, 9D), Distance : 377 ft
Batting: RHB Su-kweon Yu 0-0: Ball
1-0: Called Strike
1-1: Foul Ball, location: 2F
1-2: Ball
2-2: Foul Ball, location: 2F
2-2: Foul Ball, location: 2F
2-2: Strikes out swinging
Bottom of the 8th over - 1 run(s), 1 hit(s), 0 error(s), 0 left on base; Lansing 4 - Mile High 13
TOP OF THE 9TH
Lansing Lugnuts batting - Pitching for Mile High Broncos : RHP Todd Clark
Batting: RHB Sadao Kimura 0-0: Foul Ball, location: 2F
0-1: Called Strike
0-2: Foul Ball, location: 2F
0-2: Foul Ball, location: 2F
0-2: Ball
1-2: Fly out, F6 (Line Drive, 6)
Pitching: LHP Jorge García
Batting: RHB Michael Woodruff 0-0: Called Strike
0-1: Fly out, F8 (Flyball, 8RD)
Batting: RHB Jim Tracy 0-0: Ball
1-0: Ball
2-0: Ball
3-0: Called Strike
3-1: Called Strike
3-2: Foul Ball, location: 2F
3-2: Foul Ball, location: 2F
3-2: SINGLE (Flyball, 8LS)
Batting: RHB Júlio Caraballo 0-0: Ball
1-0: Called Strike
1-1: Ball
2-1: Ball
3-1: Called Strike
3-2: Foul Ball, location: 2F
3-2: Base on Balls
Jim Tracy to second
Batting: RHB Phil Matthews 0-0: Foul Ball, location: 2F
0-1: Ball
1-1: Ball
2-1: Fielders Choice at 2nd, U4 (Groundball, 4M)
Top of the 9th over - 0 run(s), 1 hit(s), 0 error(s), 2 left on base; Lansing 4 - Mile High 13
This league is powered by Out of the Park Baseball, the baseball management simulation game for PC, Mac and Linux
Saturday, April 9th, 2016 - OOTP Baseball 16.8 Build 38